 Dungeon Crawl Stone Soup version 0.31-a0-166-g46f44d267d (webtiles) character file.

Game seed: 3557636099732933450

9972 qw the Skirmisher (level 11, -6/116 HPs)
             Began as a Naga Hunter on June 13, 2023.
             Mangled by a cyclops (22 damage)
             ... on level 10 of the Dungeon.
             The game lasted 00:03:46 (9042 turns).

qw the Skirmisher (Naga Hunter)                     Turns: 9042, Time: 00:03:47

Health: -6/116     AC: 12    Str: 13    XL:     11   Next: 54%
Magic:  11/11      EV: 12    Int: 10    God:
Gold:   565        SH:  0    Dex: 19    Spells: 10/10 levels left

rFire   + . .        Y - +2 orcbow
rCold   + . .        (shield currently unavailable)
rNeg    . . .        q - +2 robe {rF+}
rPois   +            r - +2 helmet
rElec   .            o - +2 cloak
rCorr   .            (no gloves)
SInv    +            (no barding)
Will    +....        (no amulet)
Stlth   ++           i - ring of protection from cold
HPRegen 0.39/turn    b - +4 ring of slaying {mikee}
MPRegen 0.12/turn

%: no passive effects
@: about to teleport, short of breath, slowed, very slow
A: AC +3, large, see invisible, deformed body, poison resistance, slowness 2,
spit poison 2, naga tail 1, passive freeze, robust 1, subdued magic 1
a: Breathe Poison Gas


You were on level 10 of the Dungeon.
You visited 2 branches of the dungeon, and saw 11 of its levels.

You collected 565 gold pieces.


Innate Abilities, Weirdness & Mutations

Your serpentine skin is tough. (AC +3)
You have supernaturally acute eyesight. (SInv)
Armour fits poorly on your strangely shaped body.
Your system is resistant to poisons. (rPois)
You cover ground very slowly.
You can exhale a cloud of poison.
You have a snake-like lower body.
A frigid envelope surrounds you and freezes all who hurt you.
You are robust. (+10% HP)
Your spells are a little easier to cast, but a little less powerful.


   Skills:
 - Level 9.0 Fighting
 + Level 13.6 Ranged Weapons
 - Level 1.4 Armour
 - Level 5.0 Dodging
 - Level 1.5 Stealth


You had 10 spell levels left.
You didn't know any spells.
Your spell library was empty.

Inventory:

Hand Weapons
 Y - a +2 orcbow (weapon)
Armour
 o - a +2 cloak (worn)
 q - a +2 robe of fire resistance (worn)
 r - a +2 helmet (worn)
Jewellery
 b - a +4 ring of slaying (right hand) {mikee}
 i - a ring of protection from cold (left hand)
 p - a ring of resist corrosion
Scrolls
 d - 3 scrolls of identify
 f - 2 scrolls of enchant armour
 m - 2 scrolls of teleportation
Potions
 a - 3 potions of curing
 e - a potion of might
 g - 3 potions of heal wounds
 h - a potion of haste
 j - 2 potions of mutation

Dungeon Overview and Level Annotations

Branches:
Dungeon (10/15)            Temple (1/1) D:4
   Lair: D:8-11         Orc: D:9-12

Altars:
Ashenzari
Cheibriados
Elyvilon
Fedhas
Gozag
Hepliaklqana
Kikubaaqudgha
Makhleb
Nemelex Xobeh
Qazlal
Sif Muna
Trog
Uskayaw
Vehumet
Wu Jian
Xom
Yredelemnul
Zin
The Shining One

Shops:
D:8 (


Message History

The freezing wraith is severely damaged.
The freezing wraith hits you! The freezing wraith freezes you. You resist.
The freezing wraith completely resists.
The freezing wraith hits you! The freezing wraith drains your vigour!
You feel as though you will be slow longer.
The freezing wraith completely resists.
You shoot an arrow. The arrow hits the freezing wraith.
The freezing wraith is severely damaged.
The cyclops looks more healthy.
The freezing wraith misses you. The freezing wraith hits you.
The freezing wraith drains your vigour!
You feel as though you will be slow longer.
The freezing wraith completely resists.
The freezing wraith barely misses you.
The freezing wraith hits you but does no damage.
The freezing wraith completely resists.
You shoot an arrow. The arrow hits the freezing wraith!
The freezing wraith is almost destroyed.
The freezing wraith hits you but does no damage.
The freezing wraith completely resists.
The freezing wraith barely misses you.
You shoot an arrow.
The arrow barely misses the freezing wraith.
The freezing wraith hits you but does no damage.
The freezing wraith completely resists.
The freezing wraith hits you but does no damage.
The freezing wraith completely resists.
You shoot an arrow.
The arrow completely misses the freezing wraith.
The freezing wraith hits you. The freezing wraith freezes you. You resist.
The freezing wraith completely resists.
The freezing wraith closely misses you. x2
The freezing wraith hits you!
The freezing wraith completely resists.
You shoot an arrow. The arrow hits the freezing wraith!
You destroy the freezing wraith!
You shoot an arrow. The arrow hits the cyclops!
The cyclops is heavily wounded.
The cyclops hits you!
The cyclops is very cold.
The cyclops is heavily wounded.
9042 ||| READING 3 scrolls of teleportation.
As you read the scroll of teleportation, it crumbles to dust.
You feel strangely unstable. The cyclops hits you!!
You die...

.......# ..>....#
#### #####......##
#...# #...#........
#.#.....#.#........
#
#..##.##..#........
#.##.#.#.#.##.....#
#.)C..#)#%..).....#
##@#.#.#.##.....#
#..##.##..#.....#
#.#.....#.#.....#
#...#.#...#.....##
#####.#####......#
#.# #.......# #.#
#.......# ..#
#.......# .##
##.......#


You could see a cyclops.

Vanquished Creatures
  An ogre mage (D:10)
  A two-headed ogre (D:7)
  Pikel (D:9)
  A cyclops (D:9)
  Joseph (D:9)
  3 unseen horror zombies (D:9)
  A freezing wraith (D:10)
  Maggie (D:7)
  Grinder (D:6)
  A shadow (D:10)
  A wraith (D:9)
  Sigmund (D:6)
  A wyvern (D:10)
  A basilisk (D:10)
  2 yaks (D:10)
  Grum (D:9)
  2 water moccasins (D:7)
  Duvessa (D:6)
  3 orc warriors
  5 black bears
  2 wolves (D:9)
  5 ogres
  7 centaurs
  3 lemures (D:9)
  2 kobold brigands
  Blork the orc (D:4)
  A gnoll sergeant (D:5)
  3 bullfrogs
  2 scorpions
  14 wights
  Dowan (D:6)
  A killer bee (D:10)
  A howler monkey (D:10)
  A centaur zombie (D:9)
  13 orc priests
  2 hounds (D:4)
  2 jellies (D:5)
  A gnoll bouda (D:9)
  4 sleepcaps (D:3)
  Jessica (D:3)
  Terence (D:3)
  An iguana (D:6)
  9 orc wizards
  2 howler monkey zombies (D:9)
  18 gnolls
  7 adders
  2 white imps
  An ufetubus (D:4)
  2 worms (D:2)
  A dart slug (D:1)
  37 orcs
  10 endoplasms
  4 giant cockroaches
  10 hobgoblins
  16 jackals
  2 quokkas (D:1)
  8 ball pythons
  6 bats
  2 frilled lizards
  10 goblins
  14 kobolds
  13 rats
273 creatures vanquished.

Notes
Turn   | Place    | Note
-------+----------+-------------------------------------------
     0 | D:1      | qw the Naga Hunter began the quest for the Orb.
     0 | D:1      | Reached XP level 1. HP: 19/19 MP: 1/1
     0 | D:1      | 0 ||| qw: Version: 0.2-a-29-gc1b59c4
     0 | D:1      | 0 ||| qw: Game counter: 4820
     0 | D:1      | 0 ||| qw: Always use a shield: true
     0 | D:1      | 0 ||| qw: God list: Okawaru
     0 | D:1      | 0 ||| qw: Allow faded altars: false
     0 | D:1      | 0 ||| qw: Do Orc after D:15 true
     0 | D:1      | 0 ||| qw: Do second Lair branch before Depths: true
     0 | D:1      | 0 ||| qw: Lair rune preference: random
     0 | D:1      | 0 ||| qw: Plans: Normal
     0 | D:1      | 0 ||| PLANNING D:1-11
    37 | D:1      | 37 ||| INVOKING Spit Poison.
    87 | D:1      | 87 ||| INVOKING Spit Poison.
    94 | D:1      | 94 ||| INVOKING Spit Poison.
    98 | D:1      | 98 ||| INVOKING Spit Poison.
   100 | D:1      | Reached skill level 4 in Ranged Weapons
   100 | D:1      | Reached XP level 2. HP: 26/26 MP: 2/2
   111 | D:1      | 111 ||| INVOKING Spit Poison.
   131 | D:1      | 131 ||| INVOKING Spit Poison.
   136 | D:1      | 136 ||| INVOKING Spit Poison.
   150 | D:1      | 150 ||| INVOKING Spit Poison.
   183 | D:1      | 183 ||| INVOKING Spit Poison.
   188 | D:1      | 188 ||| INVOKING Spit Poison.
   201 | D:1      | 201 ||| INVOKING Spit Poison.
   222 | D:1      | 222 ||| INVOKING Spit Poison.
   228 | D:1      | 228 ||| INVOKING Spit Poison.
   231 | D:1      | 231 ||| INVOKING Spit Poison.
   239 | D:1      | Reached XP level 3. HP: 27/32 MP: 3/3
   239 | D:1      | 239 ||| INVOKING Spit Poison.
   242 | D:1      | 242 ||| INVOKING Spit Poison.
   264 | D:1      | 264 ||| INVOKING Spit Poison.
   541 | D:1      | 541 ||| UPGRADING to +0 cloak.
   546 | D:1      | 546 ||| DROPPING ring of flight.
   547 | D:1      | 547 ||| UPGRADING to ring of protection from cold.
   548 | D:1      | 548 ||| READING scroll labelled NEBEDE FASYEMI.
   549 | D:1      | 549 ||| READING scroll labelled ZOYKKO YNOE.
   550 | D:1      | 550 ||| DRINKING 2 viscous purple potions.
   580 | D:1      | 580 ||| DROPPING scroll of butterflies.
   581 | D:1      | 581 ||| DROPPING potion of lignification.
   591 | D:2      | 591 ||| INVOKING Spit Poison.
   637 | D:2      | 637 ||| INVOKING Spit Poison.
   729 | D:2      | 729 ||| INVOKING Spit Poison.
   786 | D:2      | 786 ||| INVOKING Spit Poison.
   844 | D:2      | 844 ||| INVOKING Spit Poison.
   866 | D:2      | 866 ||| INVOKING Spit Poison.
   872 | D:2      | 872 ||| INVOKING Spit Poison.
   874 | D:2      | Reached skill level 5 in Ranged Weapons
   874 | D:2      | Reached XP level 4. HP: 39/39 MP: 4/4
   877 | D:2      | 877 ||| INVOKING Spit Poison.
   880 | D:2      | 880 ||| INVOKING Spit Poison.
   882 | D:2      | HP: 6/40 [gnoll/+0 club (8)]
   886 | D:2      | 886 ||| INVOKING Spit Poison.
   887 | D:2      | HP: 1/40 [worm (7)]
  1086 | D:2      | 1086 ||| INVOKING Spit Poison.
  1138 | D:2      | 1138 ||| INVOKING Spit Poison.
  1144 | D:2      | Reached skill level 3 in Fighting
  1213 | D:2      | 1213 ||| INVOKING Spit Poison.
  1385 | D:2      | 1385 ||| UPGRADING to +2 hat.
  1390 | D:2      | 1390 ||| UPGRADING to +4 ring of slaying {mikee}.
  1391 | D:2      | 1391 ||| READING scroll labelled SOGRUZ RAUNWOTI.
  1392 | D:2      | 1392 ||| READING scroll labelled KOTICZUFUC.
  1396 | D:2      | 1396 ||| READING scroll labelled MITETS MOCZIZU.
  1397 | D:2      | 1397 ||| DRINKING 2 purple potions.
  1410 | D:3      | 1410 ||| INVOKING Spit Poison.
  1437 | D:3      | 1437 ||| DROPPING +3 sling.
  1451 | D:3      | 1451 ||| INVOKING Spit Poison.
  1462 | D:3      | Reached XP level 5. HP: 49/49 MP: 5/5
  1596 | D:3      | 1596 ||| INVOKING Spit Poison.
  1609 | D:3      | 1609 ||| INVOKING Spit Poison.
  1612 | D:3      | 1612 ||| INVOKING Spit Poison.
  1615 | D:3      | 1615 ||| INVOKING Spit Poison.
  1623 | D:3      | 1623 ||| INVOKING Spit Poison.
  1638 | D:3      | 1638 ||| INVOKING Spit Poison.
  1639 | D:3      | Reached skill level 6 in Ranged Weapons
  1639 | D:3      | Reached XP level 6. HP: 56/56 MP: 6/6
  1644 | D:3      | 1644 ||| INVOKING Spit Poison.
  1651 | D:3      | 1651 ||| INVOKING Spit Poison.
  1689 | D:3      | Noticed Terence
  1690 | D:3      | 1690 ||| INVOKING Spit Poison.
  1693 | D:3      | Killed Terence
  1750 | D:3      | 1750 ||| INVOKING Spit Poison.
  1782 | D:3      | 1782 ||| INVOKING Spit Poison.
  1785 | D:3      | 1785 ||| INVOKING Spit Poison.
  1786 | D:3      | 1786 ||| INVOKING Spit Poison.
  1793 | D:3      | 1793 ||| INVOKING Spit Poison.
  1956 | D:3      | Found a broken altar of Ashenzari.
  1975 | D:3      | 1975 ||| INVOKING Spit Poison.
  1982 | D:3      | 1982 ||| INVOKING Spit Poison.
  2156 | D:3      | 2156 ||| INVOKING Spit Poison.
  2163 | D:3      | 2163 ||| INVOKING Spit Poison.
  2166 | D:3      | 2166 ||| INVOKING Spit Poison.
  2169 | D:3      | 2169 ||| INVOKING Spit Poison.
  2205 | D:3      | Noticed Jessica
  2207 | D:3      | 2207 ||| INVOKING Spit Poison.
  2208 | D:3      | Killed Jessica
  2212 | D:3      | 2212 ||| INVOKING Spit Poison.
  2434 | D:3      | 2434 ||| READING scroll labelled LESSIBR KAWE.
  2435 | D:3      | 2435 ||| READING scroll labelled IBBASE GOBOEKH.
  2449 | D:4      | 2449 ||| INVOKING Spit Poison.
  2460 | D:4      | Noticed Blork the orc
  2462 | D:4      | 2462 ||| INVOKING Spit Poison.
  2469 | D:4      | 2469 ||| INVOKING Spit Poison.
  2474 | D:4      | 2474 ||| INVOKING Spit Poison.
  2474 | D:4      | HP: 12/57 [Blork the orc/magic dart (7)]
  2475 | D:4      | Reached XP level 7. HP: 14/64 MP: 7/7
  2475 | D:4      | 2475 ||| READING 3 scrolls of teleportation.
  2476 | D:4      | Killed Blork the orc
  2540 | D:4      | 2540 ||| INVOKING Spit Poison.
  2686 | D:4      | 2686 ||| INVOKING Spit Poison.
  2691 | D:4      | 2691 ||| INVOKING Spit Poison.
  2733 | D:4      | 2733 ||| INVOKING Spit Poison.
  2738 | D:4      | Found a staircase to the Ecumenical Temple.
  2739 | D:4      | 2739 ||| PLANNING TEMPLE
  2739 | D:4      | 2739 ||| UPGRADING to +2 cloak.
  2749 | D:4      | 2749 ||| DROPPING +0 cloak.
  2750 | D:4      | 2750 ||| READING scroll labelled HAASSA FOIHAMO.
  2751 | D:4      | 2751 ||| DRINKING 3 glowing inky potions.
  2754 | D:4      | 2754 ||| INVOKING Spit Poison.
  2765 | Temple   | Entered the Ecumenical Temple
  2779 | Temple   | 2779 ||| PLANNING D:1-11
  2827 | D:4      | 2827 ||| INVOKING Spit Poison.
  2835 | D:4      | 2835 ||| INVOKING Spit Poison.
  2840 | D:4      | 2840 ||| INVOKING Spit Poison.
  2844 | D:4      | Reached skill level 7 in Ranged Weapons
  2846 | D:4      | 2846 ||| INVOKING Spit Poison.
  2852 | D:4      | 2852 ||| INVOKING Spit Poison.
  2858 | D:4      | 2858 ||| INVOKING Spit Poison.
  2922 | D:4      | 2922 ||| INVOKING Spit Poison.
  2969 | D:4      | 2969 ||| INVOKING Spit Poison.
  3054 | D:4      | 3054 ||| INVOKING Spit Poison.
  3093 | D:4      | 3093 ||| INVOKING Spit Poison.
  3292 | D:4      | 3292 ||| INVOKING Spit Poison.
  3333 | D:4      | Found a burning altar of Makhleb.
  3418 | D:4      | 3418 ||| INVOKING Spit Poison.
  3423 | D:4      | 3423 ||| READING scroll labelled IRAID XIRIXT.
  3460 | D:5      | Entered Level 5 of the Dungeon
  3467 | D:5      | 3467 ||| INVOKING Spit Poison.
  3485 | D:5      | 3485 ||| Stepping ~*~*~tactically~*~*~ (outnumbered).
  3487 | D:5      | 3487 ||| Stepping ~*~*~tactically~*~*~ (outnumbered).
  3489 | D:5      | 3489 ||| Stepping ~*~*~tactically~*~*~ (outnumbered).
  3495 | D:5      | 3495 ||| Stepping ~*~*~tactically~*~*~ (outnumbered).
  3496 | D:5      | 3496 ||| INVOKING Spit Poison.
  3499 | D:5      | 3499 ||| Stepping ~*~*~tactically~*~*~ (outnumbered).
  3503 | D:5      | 3503 ||| INVOKING Spit Poison.
  3506 | D:5      | 3506 ||| INVOKING Spit Poison.
  3511 | D:5      | 3511 ||| INVOKING Spit Poison.
  3513 | D:5      | 3513 ||| FLEEEEING.
  3514 | D:5      | 3514 ||| STAIRDANCE
  3516 | D:4      | 3516 ||| INVOKING Spit Poison.
  3519 | D:4      | HP: 15/64 [gnoll/+0 flail[a gnoll sergeant] (5)]
  3520 | D:4      | 3520 ||| READING 2 scrolls of teleportation.
  3718 | D:5      | 3718 ||| INVOKING Spit Poison.
  3722 | D:5      | 3722 ||| INVOKING Spit Poison.
  3723 | D:5      | 3723 ||| STAIRDANCE
  3761 | D:5      | 3761 ||| INVOKING Spit Poison.
  3766 | D:5      | Reached skill level 8 in Ranged Weapons
  3766 | D:5      | Reached XP level 8. HP: 72/72 MP: 8/8
  3809 | D:5      | Found a sparkling altar of Nemelex Xobeh.
  3850 | D:5      | 3850 ||| INVOKING Spit Poison.
  3851 | D:5      | 3851 ||| Stepping ~*~*~tactically~*~*~ (outnumbered).
  3852 | D:5      | 3852 ||| Stepping ~*~*~tactically~*~*~ (outnumbered).
  3857 | D:5      | 3857 ||| INVOKING Spit Poison.
  3860 | D:5      | 3860 ||| INVOKING Spit Poison.
  3864 | D:5      | 3864 ||| INVOKING Spit Poison.
  3938 | D:5      | Found a stormy altar of Qazlal.
  4072 | D:5      | 4072 ||| INVOKING Spit Poison.
  4131 | D:5      | 4131 ||| INVOKING Spit Poison.
  4236 | D:5      | 4236 ||| INVOKING Spit Poison.
  4385 | D:5      | 4385 ||| READING scroll labelled GUB UNGOUMUADA.
  4386 | D:5      | 4386 ||| DRINKING 2 metallic amethyst potions.
  4386 | D:5      | Gained mutation: You can exhale a cloud of poison. [potion
                  | of mutation]
  4386 | D:5      | Gained mutation: You are robust. (+10% HP) [potion of
                  | mutation]
  4386 | D:5      | Gained mutation: Your spells are a little easier to cast,
                  | but a little less powerful. [potion of mutation]
  4386 | D:5      | Gained mutation: A frigid envelope surrounds you and
                  | freezes all who hurt you. [potion of mutation]
  4442 | D:6      | 4442 ||| INVOKING Breathe Poison Gas.
  4488 | D:6      | Noticed Duvessa
  4488 | D:6      | Noticed Dowan
  4489 | D:6      | 4489 ||| INVOKING Breathe Poison Gas.
  4491 | D:6      | Killed Dowan
  4496 | D:6      | Killed Duvessa
  4499 | D:6      | Reached skill level 9 in Ranged Weapons
  4616 | D:6      | 4616 ||| INVOKING Breathe Poison Gas.
  4618 | D:6      | Reached skill level 1 in Armour
  4817 | D:6      | 4817 ||| INVOKING Breathe Poison Gas.
  4901 | D:6      | 4901 ||| INVOKING Breathe Poison Gas.
  4903 | D:6      | Noticed Sigmund
  4904 | D:6      | 4904 ||| Stepping ~*~*~tactically~*~*~ (outnumbered).
  4908 | D:6      | Noticed Grinder
  4909 | D:6      | 4909 ||| Stepping ~*~*~tactically~*~*~ (outnumbered).
  4910 | D:6      | 4910 ||| Stepping ~*~*~tactically~*~*~ (outnumbered).
  4924 | D:6      | 4924 ||| INVOKING Breathe Poison Gas.
  4929 | D:6      | Killed Sigmund
  4930 | D:6      | Reached skill level 6 in Fighting
  4930 | D:6      | Reached XP level 9. HP: 47/90 MP: 9/9
  4935 | D:6      | Killed Grinder
  4936 | D:6      | Reached skill level 3 in Dodging
  5186 | D:6      | 5186 ||| INVOKING Breathe Poison Gas.
  5263 | D:6      | 5263 ||| INVOKING Breathe Poison Gas.
  5264 | D:6      | 5264 ||| INVOKING Breathe Poison Gas.
  5293 | D:6      | 5293 ||| INVOKING Breathe Poison Gas.
  5312 | D:6      | 5312 ||| INVOKING Breathe Poison Gas.
  5381 | D:6      | 5381 ||| INVOKING Breathe Poison Gas.
  5657 | D:6      | 5657 ||| UPGRADING to +2 robe of fire resistance.
  5667 | D:6      | 5667 ||| DROPPING +0 leather armour.
  5668 | D:6      | 5668 ||| READING scroll labelled ROIFRUCUTAG.
  5669 | D:6      | 5669 ||| READING scroll labelled SEPOTEDA OGGAT.
  5670 | D:6      | 5670 ||| READING 2 scrolls of identify.
  5670 | D:6      | 5670 ||| IDENTIFYING bubbling puce potion
  5671 | D:6      | 5671 ||| DROPPING potion of degeneration.
  5727 | D:7      | 5727 ||| STAIRDANCE
  5868 | D:7      | Reached skill level 10 in Ranged Weapons
  5890 | D:7      | 5890 ||| INVOKING Breathe Poison Gas.
  5967 | D:7      | 5967 ||| INVOKING Breathe Poison Gas.
  5988 | D:7      | 5988 ||| INVOKING Breathe Poison Gas.
  6118 | D:7      | Found a snail-covered altar of Cheibriados.
  6118 | D:7      | Found a hazy altar of Hepliaklqana.
  6119 | D:7      | Found a hide-covered altar of Uskayaw.
  6164 | D:7      | 6164 ||| INVOKING Breathe Poison Gas.
  6233 | D:7      | 6233 ||| SWAPPING to +0 orcbow.
  6235 | D:7      | 6235 ||| INVOKING Breathe Poison Gas.
  6237 | D:7      | 6237 ||| DROPPING +0 shortbow.
  6250 | D:7      | Found a basalt altar of Yredelemnul.
  6377 | D:7      | 6377 ||| INVOKING Breathe Poison Gas.
  6453 | D:7      | Noticed Maggie
  6455 | D:7      | 6455 ||| INVOKING Breathe Poison Gas.
  6458 | D:7      | Killed Maggie
  6459 | D:7      | Reached skill level 11 in Ranged Weapons
  6459 | D:7      | Reached XP level 10. HP: 103/103 MP: 10/10
  6577 | D:7      | 6577 ||| DROPPING +6 ring of intelligence.
  6578 | D:7      | 6578 ||| READING 3 scrolls of identify.
  6578 | D:7      | 6578 ||| IDENTIFYING metallic clear potion
  6579 | D:7      | 6579 ||| READING 2 scrolls of identify.
  6579 | D:7      | 6579 ||| IDENTIFYING metallic sapphire potion
  6580 | D:7      | 6580 ||| DROPPING potion of enlightenment.
  6604 | D:8      | Noticed a two-headed ogre
  6605 | D:8      | 6605 ||| INVOKING Breathe Poison Gas.
  6609 | D:8      | 6609 ||| STAIRDANCE
  6611 | D:7      | Killed a two-headed ogre
  6734 | D:8      | 6734 ||| STAIRDANCE
  6736 | D:7      | 6736 ||| INVOKING Breathe Poison Gas.
  6821 | D:8      | 6821 ||| INVOKING Breathe Poison Gas.
  7027 | D:8      | 7027 ||| INVOKING Breathe Poison Gas.
  7085 | D:8      | 7085 ||| INVOKING Breathe Poison Gas.
  7252 | D:8      | Found a glowing silver altar of Zin.
  7270 | D:8      | 7270 ||| INVOKING Breathe Poison Gas.
  7356 | D:8      | 7356 ||| INVOKING Breathe Poison Gas.
  7364 | D:8      | 7364 ||| INVOKING Breathe Poison Gas.
  7392 | D:8      | Found Agunyis's Weapon Shop.
  7394 | D:8      | 7394 ||| INVOKING Breathe Poison Gas.
  7617 | D:8      | 7617 ||| UPGRADING to +2 helmet.
  7627 | D:8      | 7627 ||| DROPPING +2 hat.
  7628 | D:8      | 7628 ||| READING 2 scrolls labelled CUAN ACWENTY.
  7629 | D:8      | 7629 ||| READING scroll of enchant weapon.
  7629 | D:8      | 7629 ||| ENCHANTING +1 orcbow.
  7630 | D:8      | 7630 ||| READING 2 scrolls of identify.
  7630 | D:8      | 7630 ||| IDENTIFYING golden potion
  7661 | D:9      | 7661 ||| INVOKING Breathe Poison Gas.
  7702 | D:9      | 7702 ||| INVOKING Breathe Poison Gas.
  7792 | D:9      | Found a radiant altar of Vehumet.
  7792 | D:9      | Found an opulent altar of Gozag.
  7929 | D:9      | Found an ornate altar of the Wu Jian Council.
  7934 | D:9      | 7934 ||| INVOKING Breathe Poison Gas.
  7938 | D:9      | Noticed Joseph
  7938 | D:9      | Noticed Pikel
  7951 | D:9      | Killed Joseph
  7952 | D:9      | Reached skill level 12 in Ranged Weapons
  7956 | D:9      | Killed Pikel
  8174 | D:9      | 8174 ||| INVOKING Breathe Poison Gas.
  8174 | D:9      | Noticed Grum
  8178 | D:9      | Killed Grum
  8198 | D:9      | 8198 ||| INVOKING Breathe Poison Gas.
  8213 | D:9      | 8213 ||| Stepping ~*~*~tactically~*~*~ (outnumbered).
  8234 | D:9      | 8234 ||| INVOKING Breathe Poison Gas.
  8235 | D:9      | 8235 ||| INVOKING Breathe Poison Gas.
  8249 | D:9      | Noticed a cyclops
  8250 | D:9      | 8250 ||| FLEEEEING.
  8251 | D:9      | 8251 ||| INVOKING Breathe Poison Gas.
  8254 | D:9      | 8254 ||| FLEEEEING.
  8256 | D:9      | Reached XP level 11. HP: 49/113 MP: 11/11
  8260 | D:9      | 8260 ||| FLEEEEING.
  8261 | D:9      | 8261 ||| FLEEEEING.
  8261 | D:9      | HP: 23/113 [cyclops/large rock (29)]
  8262 | D:9      | 8262 ||| FLEEEEING.
  8264 | D:9      | 8264 ||| FLEEEEING.
  8265 | D:9      | 8265 ||| FLEEEEING.
  8266 | D:9      | 8266 ||| FLEEEEING.
  8281 | D:9      | 8281 ||| INVOKING Breathe Poison Gas.
  8283 | D:9      | Killed a cyclops
  8284 | D:9      | Reached skill level 13 in Ranged Weapons
  8549 | D:9      | 8549 ||| INVOKING Breathe Poison Gas.
  8632 | D:9      | 8632 ||| Stepping ~*~*~tactically~*~*~ (outnumbered).
  8634 | D:9      | 8634 ||| Stepping ~*~*~tactically~*~*~ (outnumbered).
  8636 | D:9      | 8636 ||| INVOKING Breathe Poison Gas.
  8639 | D:9      | Reached skill level 9 in Fighting
  8835 | D:9      | 8835 ||| DROPPING ring of magical power.
  8836 | D:9      | 8836 ||| READING 4 scrolls of identify.
  8836 | D:9      | 8836 ||| IDENTIFYING dark potion
  8837 | D:9      | 8837 ||| READING 3 scrolls of identify.
  8837 | D:9      | 8837 ||| IDENTIFYING metallic black potion
  8838 | D:9      | 8838 ||| READING 2 scrolls of identify.
  8838 | D:9      | 8838 ||| IDENTIFYING coppery potion
  8839 | D:9      | 8839 ||| DROPPING potion of attraction.
  8840 | D:9      | 8840 ||| DROPPING potion of brilliance.
  8844 | D:10     | Entered Level 10 of the Dungeon
  8852 | D:10     | 8852 ||| INVOKING Breathe Poison Gas.
  8878 | D:10     | 8878 ||| INVOKING Breathe Poison Gas.
  8882 | D:10     | Found a white marble altar of Elyvilon.
  8890 | D:10     | 8890 ||| INVOKING Breathe Poison Gas.
  8894 | D:10     | 8894 ||| Stepping ~*~*~tactically~*~*~ (outnumbered).
  8956 | D:10     | Identified the +7 hand axe "Hydraslayer" {venom, rN+ Int+3}
  8975 | D:10     | 8975 ||| INVOKING Breathe Poison Gas.
  8996 | D:10     | 8996 ||| INVOKING Breathe Poison Gas.
  9004 | D:10     | 9004 ||| INVOKING Breathe Poison Gas.
  9010 | D:10     | Noticed an ogre mage
  9012 | D:10     | Paralysed by an ogre mage for 4 turns
  9018 | D:10     | Killed an ogre mage
  9019 | D:10     | 9019 ||| DRINKING potion of cancellation.
  9027 | D:10     | Noticed a cyclops
  9030 | D:10     | 9030 ||| INVOKING Breathe Poison Gas.
  9031 | D:10     | 9031 ||| INVOKING Breathe Poison Gas.
  9041 | D:10     | HP: 16/116 [cyclops (17)]
  9042 | D:10     | 9042 ||| READING 3 scrolls of teleportation.
  9042 | D:10     | Mangled by a cyclops

Levels and vault maps discovered:
D:1:      tarquinn_simple_flora_water_b, layout_basic,
          minmay_misc_feat_more_columns
D:2:      layout_loops_cross
D:3:      minmay_inner_zag, layout_basic, nicolae_ashenzari_panopticon,
          grunt_ministairs_9, hellmonk_no_cap, uniq_terence, uniq_jessica
D:4:      layout_basic, lemuel_round_altar, minmay_temple_entry_wispy,
          st_stairs_14, uniq_blork_the_orc
D:5:      layout_basic, grunt_qazlal_clouds, nemelex_altar_shiori,
          interstate_on_off
D:6:      layout_cave_pods, corexii_shack, chequers_serial_rivers_large_a,
          grunt_decor_mini_mirrors, sigmund_army, uniq_grinder, uniq_duvessa
D:7:      black_bear_nest_1, layout_gridville, mainiacjoe_overflow_alcove_2,
          gammafunk_temple_overflow_claw, chequers_mini_garden, uniq_maggie
D:8:      layout_loops_ring, mainiacjoe_overflow_boulevard, serial_shops,
          nicolae_shop_bloodbath_and_beyond, minmay_stone_trees_small
D:9:      layout_basic, kennysheep_mini_moat,
          gammafunk_temple_overflow_elements, serial_undead, serial_undead_e,
          serial_undead_c, serial_undead_a, serial_undead_d, nicolae_sextant,
          uniq_joseph, uniq_pikel, uniq_grum
D:10:     minmay_the_grid_plus_closed [minmay_the_grid_spin_star,
          minmay_the_grid_expand, minmay_the_grid_odd_star,
          minmay_the_grid_slots, minmay_the_grid_prize_inner_circle],
          layout_irregular_city, lemuel_crystal_altar,
          nicolae_overflow_crystal_walls, mainiacjoe_overflow_paths,
          nicolae_dithmenos_through_a_glass_darkly
Temple:   hellmonk_temple_rainy

Skill      XL: |  1  2  3  4  5  6  7  8  9 10 11 |
---------------+----------------------------------+-----
Ranged Weapons | 4 5 6 8 9 11 12 13 | 13.6
Fighting       | 3 4 6 7 8 9 |  9.0
Dodging        | 2 3 4 5 |  5.0
Armour         | 1 |  1.4
Stealth        | |  1.5

Action                     |  1- 3 |  4- 6 |  7- 9 | 10-12 || total
---------------------------+-------+-------+-------+-------++-------
   Fire: Shortbow          |    65 |   116 |   202 |       ||   383
         Orcbow            |       |       |    29 |   259 ||   288
Ability: Spit Poison       |    24 |    33 |    33 |       ||    90
         Breathe Poison Ga |       |       |    18 |    26 ||    44
    Use: Scroll            |     2 |     5 |     8 |     9 ||    24
         Potion            |     1 |     1 |     2 |     1 ||     5
 Armour: Leather armour    |     8 |    26 |    18 |       ||    52
         Robe              |       |       |     2 |    51 ||    53
  Dodge: Dodged            |    11 |    31 |    46 |    69 ||   157

Table legend:
 A = Non-vault XP
 B = Vault XP
 C = Vault XP percentage of total XP
 D = Non-vault monster count
 E = Vault monster count
 F = Vault count percentage of total count
                 A         B        C        D         E       F
            +---------+---------+-------+---------+---------+-------
      Total |    7030 |    7217 |  50.7 |     216 |      54 |  20.0
            +---------+---------+-------+---------+---------+-------
        D:1 |      46 |       0 |   0.0 |      27 |       0 |   0.0
        D:2 |     103 |       0 |   0.0 |      23 |       0 |   0.0
        D:3 |     171 |     236 |  58.0 |      26 |      14 |  35.0
        D:4 |     316 |     111 |  26.0 |      33 |       3 |   8.3
        D:5 |     484 |       0 |   0.0 |      14 |       0 |   0.0
        D:6 |     936 |     738 |  44.1 |      11 |       9 |  45.0
        D:7 |    2299 |     468 |  16.9 |      27 |       2 |   6.9
        D:8 |     703 |       0 |   0.0 |      23 |       0 |   0.0
        D:9 |    1581 |    3048 |  65.8 |      26 |      16 |  38.1
       D:10 |     391 |    2616 |  87.0 |       6 |      10 |  62.5
            +---------+---------+-------+---------+---------+-------
